 Dungeon Crawl Stone Soup version 0.23.1 (webtiles) character file.

Game seed: 17611117381010294651

56 Kairos the Skirmisher (level 3, 0/20 HPs)
             Began as a Vine Stalker Fighter on Mar 5, 2019.
             Succumbed to an adder's poison
             ... on level 2 of the Dungeon.
             The game lasted 00:01:38 (1114 turns).

Kairos the Skirmisher (Vine Stalker Fighter)        Turns: 1114, Time: 00:01:39

Health: 0/20       AC:  6    Str: 19    XL:     3   Next: 95%
Magic:  3/4        EV:  7    Int:  8    God:
Gold:   31         SH:  9    Dex: 13    Spells: 2/2 levels left

rFire    . . .     SeeInvis .   a - +0 war axe
rCold    . . .     Gourm    .   c - +0 shield
rNeg     . . .     Faith    .   b - +0 scale mail
rPois    .         Spirit   +   (no helmet)
rElec    .         Reflect  .   (no cloak)
rCorr    .         Harm     .   (no gloves)
MR       .....                  (no boots)
Stlth    ..........             h - amulet of magic regeneration
HPRegen  0.06/turn              (no ring)
MPRegen  0.34/turn              (no ring)

@: lethally poisoned (0 -> -3)
A: fangs 2, magic shield, antimagic bite, no potion heal 3, rot immunity
a: no special abilities


You were on level 2 of the Dungeon.
You were hungry.

You visited 1 branch of the dungeon, and saw 2 of its levels.

You collected 31 gold pieces.

Inventory:

Hand Weapons
 a - a +0 war axe (weapon)
Armour
 b - a +0 scale mail (worn)
 c - a +0 shield (worn)
Jewellery
 h - an amulet of magic regeneration (around neck)
Scrolls
 k - a scroll of remove curse
Potions
 d - a potion of might
 e - 2 potions of curing {unknown}
 g - a potion of ambrosia {unknown}
 i - a potion of magic {unknown}
 j - a potion of haste {unknown}
Comestibles
 f - 4 rations


   Skills:
 + Level 3.2 Fighting
 + Level 2.2 Axes
 + Level 2.8 Armour
 + Level 0.1 Dodging
 + Level 3.2 Shields


You had 2 spell levels left.
You didn't know any spells.
Your spell library was empty.

Dungeon Overview and Level Annotations

Branches:
Dungeon (2/15)

Altars:
The Shining One


Innate Abilities, Weirdness & Mutations

You have extremely sharp teeth.
When hurt, damage is shared between your health and your magic reserves.
Your bite disrupts and absorbs the magic of your enemies.
Potions cannot restore your health.
You are immune to rotting.


Message History

You hit the jackal.
You kill the jackal!
A hound comes into view.
The jackal barely misses you.
The hound barks!
You hit the jackal. Your bite misses the jackal.
The jackal is almost dead.
* * * LOW HITPOINT WARNING * * *
You feel sick. You block the jackal's attack. x2
You closely miss the jackal. You bite the jackal.
You kill the jackal!
You block the jackal's attack.
You slash the jackal!
You kill the jackal!
The kobold hits you with a +0 short sword.
* * * LOW HITPOINT WARNING * * *
You hit the kobold but do no damage. You bite the kobold. You drain its power.
You feel invigorated.
The kobold is moderately wounded.
You die...

(.
#.###############..#.##.
#.# ###.........#.#..
... ####......####...##.
... +.........# #......
.... #.......# #...###
..... #.......# #.....
#.....########..##
#..........# #.# .
#@########.# ... #K# #.#
....##K###### #.#
.......h.....###.#
#.......((....†..#
#.......[........).#
#.$................#
#..................#
#....$.............#


You could see a hound and 2 kobolds.

Vanquished Creatures
  An adder (D:2)
  An ooze (D:1)
  A worm (D:2)
  A leopard gecko (D:2)
  4 bats (D:1)
  2 giant cockroaches
  2 goblins (D:1)
  4 hobgoblins (D:1)
  6 jackals
  4 frilled lizards
  7 kobolds
  4 rats
37 creatures vanquished.

Notes
Turn   | Place    | Note
-------+----------+-------------------------------------------
     0 | D:1      | Kairos the Vine Stalker Fighter began the quest for the
                  | Orb.
     0 | D:1      | Reached XP level 1. HP: 11/11 MP: 2/2
   258 | D:1      | Reached XP level 2. HP: 16/16 MP: 3/3
   393 | D:1      | Reached XP level 3. HP: 20/20 MP: 4/4
  1045 | D:2      | Found a glowing golden altar of the Shining One.
  1111 | D:2      | HP: 1/20 [poisoned by an adder]
  1114 | D:2      | Succumbed to an adder's poison

Skill      XL: |  1  2  3 |
---------------+----------+-----
Fighting       | 3 |  3.2
Shields        | 3 |  3.2
Axes           | 2 |  2.2
Armour         | |  2.8
Dodging        | |  0.1

Action                   || total
-------------------------++-------
Melee: War axe           ||    86
       Bite              ||    21
  Use: Scroll            ||     2
Armor: Scale mail        ||    49
Dodge: Dodged            ||    32
Block: Shield            ||    62
